TOP OF THE 1ST |
West Virginia Black Bears batting - Pitching for Cincinnati (NYP) Reds : LHP Jeff Wall
|
Pitching: LHP Jeff Wall
|
|
Batting: LHB Norm Silveira-Wray
|
0-0: Called Strike 0-1: Ball 1-1: Foul Ball, location: 2F 1-2: Ball 2-2: Ball 3-2: Strikes out looking
|
Batting: RHB Jaime Dubicki
|
0-0: Called Strike 0-1: Ball 1-1: Ball 2-1: Ball 3-1: Foul Ball, location: 2F 3-2: Strikes out swinging
|
Batting: RHB Tim Moore
|
0-0: Ball 1-0: SINGLE (Groundball, 4MD, EV 98.8 MPH)
|
Batting: LHB Josh Aerni
|
0-0: Called Strike 0-1: Foul Ball, location: 2F 0-2: Strikes out swinging
|
Top of the 1st over - 0 runs, 1 hit, 0 errors, 1 left on base; West Virginia 0 - Cincinnati (NYP) 0 |
BOTTOM OF THE 1ST |
Cincinnati (NYP) Reds batting - Pitching for West Virginia Black Bears : RHP Eric Bourque
|
Pitching: RHP Eric Bourque
|
|
Batting: RHB Alex de Leon
|
0-0: Foul Ball, location: 2F 0-1: Ball 1-1: Foul Ball, location: 2F 1-2: Ball 2-2: Foul Ball, location: 2F 2-2: SINGLE (Groundball, 6S, EV 70.6 MPH) (infield hit)
|
Batting: SHB Jaivata Mohanty
|
0-0: Ball Alex de Leon steals 2nd base 1-0: Called Strike 1-1: Swinging Strike 1-2: Strikes out swinging
|
Batting: SHB Kristian Kristensen
|
0-0: Foul Ball, location: 2F 0-1: Called Strike Alex de Leon steals 3rd base 0-2: Ball 1-2: Foul Ball, location: 2F 1-2: Strikes out looking
|
Batting: LHB Brian Dickeson
|
0-0: Ball 1-0: Called Strike 1-1: Called Strike 1-2: Strikes out swinging
|
Bottom of the 1st over - 0 runs, 1 hit, 0 errors, 1 left on base; West Virginia 0 - Cincinnati (NYP) 0 |
TOP OF THE 2ND |
West Virginia Black Bears batting - Pitching for Cincinnati (NYP) Reds : LHP Jeff Wall
|
Batting: RHB Brandon White
|
0-0: Ball 1-0: Foul Ball, location: 2F 1-1: SOLO HOME RUN (Flyball, 7D, EV 105.6 MPH), Distance : 384 ft
|
Batting: RHB Terrence Wilson
|
0-0: Ball 1-0: DOUBLE (Flyball, 89D, EV 105.0 MPH)
|
Batting: SHB Curtis Thompson
|
0-0: Ball 1-0: Called Strike 1-1: Ball 2-1: Ball 3-1: Called Strike 3-2: Foul Ball, location: 2F 3-2: Foul Ball, location: 2F 3-2: Strikes out swinging
|
Batting: RHB Brian Moore
|
0-0: Called Strike Terrence Wilson steals 3rd base 0-1: Ground out U3 (Groundball, 3S, EV 64.4 MPH)
|
Batting: RHB Bob Raine
|
0-0: Swinging Strike 0-1: SINGLE (Line Drive, 6MD, EV 95.0 MPH) Terrence Wilson scores
|
Batting: LHB Norm Silveira-Wray
|
0-0: Called Strike 0-1: Called Strike 0-2: Foul Ball, location: 2F 0-2: Foul Ball, location: 2F 0-2: Foul Ball, location: 2F 0-2: Ball 1-2: Ball 2-2: Foul Ball, location: 2F 2-2: Ball 3-2: Strikes out looking
|
Top of the 2nd over - 2 runs, 3 hits, 0 errors, 1 left on base; West Virginia 2 - Cincinnati (NYP) 0 |
BOTTOM OF THE 2ND |
Cincinnati (NYP) Reds batting - Pitching for West Virginia Black Bears : RHP Eric Bourque
|
Batting: SHB Cesar Pelayo
|
0-0: Ball 1-0: Foul Ball, location: 2F 1-1: Ball 2-1: Swinging Strike 2-2: Strikes out swinging
|
Batting: SHB Tim Utz
|
0-0: Foul Ball, location: 2F 0-1: Ball 1-1: Ball 2-1: Called Strike 2-2: Foul Ball, location: 2F 2-2: Foul Ball, location: 2F 2-2: Ball 3-2: Base on Balls
|
Batting: RHB John Galluzzo
|
0-0: Reached on error, E1 (Groundball, 34S, EV 69.4 MPH) Tim Utz to second
|
Batting: LHB Jason Pirkle
|
0-0: Called Strike 0-1: Fielders Choice at 2nd, 6-4 (Groundball, 6, EV 87.5 MPH) Tim Utz to third
|
Batting: RHB R.J. Romberg
|
0-0: Fielders Choice at 2nd, 6-4 (Groundball, 6, EV 103.1 MPH)
|
Bottom of the 2nd over - 0 runs, 0 hits, 1 error, 2 left on base; West Virginia 2 - Cincinnati (NYP) 0 |
TOP OF THE 3RD |
West Virginia Black Bears batting - Pitching for Cincinnati (NYP) Reds : LHP Jeff Wall
|
Batting: RHB Jaime Dubicki
|
0-0: Called Strike 0-1: Called Strike 0-2: Strikes out looking
|
Batting: RHB Tim Moore
|
0-0: Called Strike 0-1: Called Strike 0-2: Ball 1-2: Ground out 6-3 (Groundball, 6, EV 88.1 MPH)
|
Batting: LHB Josh Aerni
|
0-0: Called Strike 0-1: Ball 1-1: Foul Ball, location: 2F 1-2: Foul Ball, location: 2F 1-2: Ball 2-2: Ball 3-2: Base on Balls
|
Batting: RHB Brandon White
|
0-0: Ball 1-0: Fly out, F8 (Flyball, 8RD, EV 95.6 MPH)
|
Top of the 3rd over - 0 runs, 0 hits, 0 errors, 1 left on base; West Virginia 2 - Cincinnati (NYP) 0 |
BOTTOM OF THE 3RD |
Cincinnati (NYP) Reds batting - Pitching for West Virginia Black Bears : RHP Eric Bourque
|
Batting: RHB Alex de Leon
|
0-0: Swinging Strike 0-1: Called Strike 0-2: Ball 1-2: Ground out 4-3 (Groundball, 4MS, EV 85.0 MPH)
|
Batting: SHB Jaivata Mohanty
|
0-0: Called Strike 0-1: Foul Ball, location: 2F 0-2: Strikes out swinging
|
Batting: SHB Kristian Kristensen
|
0-0: Ball 1-0: Foul Ball, location: 2F 1-1: Ball 2-1: SINGLE (Flyball, 7LS, EV 93.1 MPH)
|
Batting: LHB Brian Dickeson
|
0-0: Called Strike 0-1: Ball 1-1: 2-RUN HOME RUN (Flyball, 8RXD, EV 113.8 MPH), Distance : 446 ft
|
Batting: SHB Cesar Pelayo
|
0-0: SINGLE (Groundball, 6M, EV 102.5 MPH) (infield hit)
|
Batting: SHB Tim Utz
|
0-0: Called Strike 0-1: Ball 1-1: Ball 2-1: Ball 3-1: Base on Balls Cesar Pelayo to second
|
Batting: RHB John Galluzzo
|
0-0: Called Strike 0-1: Called Strike 0-2: Foul Ball, location: 2F 0-2: Strikes out swinging
|
Bottom of the 3rd over - 2 runs, 3 hits, 0 errors, 2 left on base; West Virginia 2 - Cincinnati (NYP) 2 |
TOP OF THE 4TH |
West Virginia Black Bears batting - Pitching for Cincinnati (NYP) Reds : LHP Jeff Wall
|
Batting: RHB Terrence Wilson
|
0-0: Swinging Strike 0-1: Ball 1-1: Ball 2-1: SOLO HOME RUN (Line Drive, 78XD, EV 111.2 MPH), Distance : 444 ft
|
Batting: SHB Curtis Thompson
|
0-0: Swinging Strike 0-1: Called Strike 0-2: Strikes out swinging
|
Batting: RHB Brian Moore
|
0-0: Foul Ball, location: 2F 0-1: SINGLE (Groundball, 56D, EV 103.8 MPH)
|
Batting: RHB Bob Raine
|
0-0: Ball 1-0: DOUBLE (Line Drive, 7LS, EV 105.0 MPH) Brian Moore to third
|
Batting: LHB Norm Silveira-Wray
|
0-0: Ball 1-0: Fly out, F9 (Flyball, 9S, EV 83.8 MPH)
|
Batting: RHB Jaime Dubicki
|
0-0: Ball 1-0: Foul Ball, location: 2F 1-1: Foul Ball, location: 2F 1-2: Strikes out swinging
|
Top of the 4th over - 1 run, 3 hits, 0 errors, 2 left on base; West Virginia 3 - Cincinnati (NYP) 2 |
BOTTOM OF THE 4TH |
Cincinnati (NYP) Reds batting - Pitching for West Virginia Black Bears : RHP Eric Bourque
|
Batting: LHB Jason Pirkle
|
0-0: Ground out 6-3 (Groundball, 6, EV 85.6 MPH)
|
Batting: RHB R.J. Romberg
|
0-0: Swinging Strike 0-1: Swinging Strike 0-2: Foul Ball, location: 2F 0-2: Foul Ball, location: 2F 0-2: Ball 1-2: Foul Ball, location: 2F 1-2: Foul Ball, location: 2F 1-2: Strikes out swinging
|
Batting: RHB Alex de Leon
|
0-0: Called Strike 0-1: Ball 1-1: Called Strike 1-2: Strikes out looking
|
Bottom of the 4th over - 0 runs, 0 hits, 0 errors, 0 left on base; West Virginia 3 - Cincinnati (NYP) 2 |
TOP OF THE 5TH |
West Virginia Black Bears batting - Pitching for Cincinnati (NYP) Reds : LHP Jeff Wall
|
Batting: RHB Tim Moore
|
0-0: Called Strike 0-1: Ball 1-1: Swinging Strike 1-2: Ball 2-2: Strikes out swinging
|
Batting: LHB Josh Aerni
|
0-0: Foul Ball, location: 2F 0-1: Foul Ball, location: 2F 0-2: Ball 1-2: SOLO HOME RUN (Flyball, 9D, EV 101.2 MPH), Distance : 391 ft
|
Batting: RHB Brandon White
|
0-0: Called Strike 0-1: Fly out, F6 (Popup, P, EV 81.9 MPH)
|
Batting: RHB Terrence Wilson
|
0-0: Fly out, F8 (Flyball, 89S, EV 85.0 MPH)
|
Top of the 5th over - 1 run, 1 hit, 0 errors, 0 left on base; West Virginia 4 - Cincinnati (NYP) 2 |
BOTTOM OF THE 5TH |
Cincinnati (NYP) Reds batting - Pitching for West Virginia Black Bears : RHP Eric Bourque
|
Batting: SHB Jaivata Mohanty
|
0-0: Called Strike 0-1: Ball 1-1: Foul Ball, location: 2F 1-2: Strikes out swinging
|
Batting: SHB Kristian Kristensen
|
0-0: Called Strike 0-1: Ball 1-1: Ball 2-1: Ball 3-1: Foul Ball, location: 2F 3-2: Fly out, F8 (Flyball, 78D, EV 74.4 MPH)
|
Batting: LHB Brian Dickeson
|
0-0: Ball 1-0: Foul Ball, location: 2F 1-1: Foul Ball, location: 2F 1-2: Strikes out looking
|
Bottom of the 5th over - 0 runs, 0 hits, 0 errors, 0 left on base; West Virginia 4 - Cincinnati (NYP) 2 |
TOP OF THE 6TH |
West Virginia Black Bears batting - Pitching for Cincinnati (NYP) Reds : LHP Jeff Wall
|
Batting: SHB Curtis Thompson
|
0-0: Ball 1-0: Called Strike 1-1: Swinging Strike 1-2: Foul Ball, location: 2F 1-2: Strikes out swinging
|
Batting: RHB Brian Moore
|
0-0: SOLO HOME RUN (Flyball, 7D, EV 108.1 MPH), Distance : 399 ft
|
Pitching: RHP Lee Durbin
|
|
Batting: RHB Bob Raine
|
0-0: Swinging Strike 0-1: Ball 1-1: Ball 2-1: Foul Ball, location: 2F 2-2: Ball 3-2: DOUBLE (Line Drive, 78D, EV 109.4 MPH)
|
Batting: LHB Norm Silveira-Wray
|
0-0: Foul Ball, location: 2F 0-1: Ball 1-1: Swinging Strike 1-2: Ball 2-2: Ball 3-2: Base on Balls
|
Batting: RHB Jaime Dubicki
|
0-0: Called Strike 0-1: Ball 1-1: Ball Passed Ball! Bob Raine to third Norm Silveira-Wray to second 2-1: SINGLE (Line Drive, 89M, EV 106.9 MPH) Bob Raine scores Norm Silveira-Wray to third Runner from 3rd tries for Home, SAFE, throw by RF to home Jaime Dubicki to second
|
Batting: RHB Tim Moore
|
0-0: Foul Ball, location: 2F 0-1: Called Strike 0-2: Ball 1-2: Foul Ball, location: 2F 1-2: Foul Ball, location: 2F 1-2: DOUBLE (Line Drive, 89D, EV 108.1 MPH) Jaime Dubicki scores
|
Pitching: RHP Danny Felan
|
|
Batting: LHB Josh Aerni
|
0-0: Ball 1-0: Ball 2-0: Called Strike 2-1: Ball 3-1: Foul Ball, location: 2F 3-2: Strikes out swinging, 2-3 out at first.
|
Batting: RHB Brandon White
|
0-0: Ball 1-0: Swinging Strike 1-1: Swinging Strike 1-2: Strikes out swinging, 2-3 out at first.
|
Top of the 6th over - 4 runs, 4 hits, 0 errors, 1 left on base; West Virginia 8 - Cincinnati (NYP) 2 |
BOTTOM OF THE 6TH |
Cincinnati (NYP) Reds batting - Pitching for West Virginia Black Bears : RHP Eric Bourque
|
Pitching: RHP Hitoshi Yoshihara
|
|
Batting: SHB Cesar Pelayo
|
0-0: Foul Ball, location: 2F 0-1: Ball 1-1: Foul Ball, location: 2F 1-2: Strikes out swinging
|
Batting: SHB Tim Utz
|
0-0: Called Strike 0-1: Ball 1-1: Ball 2-1: Called Strike 2-2: Strikes out swinging
|
Batting: RHB John Galluzzo
|
0-0: Swinging Strike 0-1: Ball 1-1: Foul Ball, location: 2F 1-2: Foul Ball, location: 2F 1-2: Strikes out swinging
|
Bottom of the 6th over - 0 runs, 0 hits, 0 errors, 0 left on base; West Virginia 8 - Cincinnati (NYP) 2 |
TOP OF THE 7TH |
West Virginia Black Bears batting - Pitching for Cincinnati (NYP) Reds : RHP Danny Felan
|
Batting: RHB Terrence Wilson
|
0-0: Foul Ball, location: 2F 0-1: TRIPLE (Flyball, 9LD, EV 111.2 MPH)
|
Batting: SHB Curtis Thompson
|
0-0: Swinging Strike 0-1: Foul Ball, location: 2F 0-2: Ball 1-2: Ball 2-2: Reached on error, E6 (Groundball, 4M, EV 83.8 MPH) Terrence Wilson scores
|
Batting: RHB Brian Moore
|
0-0: Grounds into double play, 6-4-3 (Groundball, 6, EV 86.9 MPH)
|
Batting: RHB Bob Raine
|
0-0: Called Strike 0-1: Ground out 5-3 (Groundball, 56, EV 92.5 MPH)
|
Top of the 7th over - 1 run, 1 hit, 1 error, 0 left on base; West Virginia 9 - Cincinnati (NYP) 2 |
BOTTOM OF THE 7TH |
Cincinnati (NYP) Reds batting - Pitching for West Virginia Black Bears : RHP Hitoshi Yoshihara
|
Batting: LHB Jason Pirkle
|
0-0: Ball 1-0: Swinging Strike 1-1: Foul Ball, location: 2F 1-2: Strikes out looking
|
Pinch Hitting: LHB Jon Goddard
|
0-0: Ball 1-0: Ball 2-0: Swinging Strike 2-1: Swinging Strike 2-2: Ground out 2-3 (Groundball, 2R, EV 71.2 MPH)
|
Batting: RHB Alex de Leon
|
0-0: Ball 1-0: Ball 2-0: Ball 3-0: Called Strike 3-1: Called Strike 3-2: Strikes out swinging
|
Bottom of the 7th over - 0 runs, 0 hits, 0 errors, 0 left on base; West Virginia 9 - Cincinnati (NYP) 2 |
TOP OF THE 8TH |
West Virginia Black Bears batting - Pitching for Cincinnati (NYP) Reds : RHP Danny Felan
|
Now in LF: Brian Dickeson
|
|
Now in RF: Jon Conklin
|
|
Batting: LHB Norm Silveira-Wray
|
0-0: Called Strike 0-1: Ball 1-1: Fly out, F9 (Flyball, 89D, EV 95.6 MPH)
|
Batting: RHB Jaime Dubicki
|
0-0: Ball 1-0: Foul Ball, location: 2F 1-1: Ball 2-1: Foul Ball, location: 2F 2-2: Strikes out swinging
|
Batting: RHB Tim Moore
|
0-0: Ball 1-0: Called Strike 1-1: Ball 2-1: Ball 3-1: Called Strike 3-2: Foul Ball, location: 2F 3-2: SINGLE (Groundball, 56S, EV 71.9 MPH) (infield hit)
|
Batting: LHB Josh Aerni
|
0-0: Foul Ball, location: 2F 0-1: Swinging Strike 0-2: Ball 1-2: Ground out 5-3 (Groundball, 6S, EV 88.8 MPH)
|
Top of the 8th over - 0 runs, 1 hit, 0 errors, 1 left on base; West Virginia 9 - Cincinnati (NYP) 2 |
BOTTOM OF THE 8TH |
Cincinnati (NYP) Reds batting - Pitching for West Virginia Black Bears : RHP Hitoshi Yoshihara
|
Pitching: RHP Ian Ferrara
|
|
Batting: SHB Jaivata Mohanty
|
0-0: Ball 1-0: Foul Ball, location: 2F 1-1: Called Strike 1-2: Ball 2-2: Ball 3-2: Base on Balls
|
Batting: SHB Kristian Kristensen
|
0-0: Ball 1-0: Ball 2-0: Ball 3-0: Base on Balls Jaivata Mohanty to second
|
Batting: LHB Brian Dickeson
|
0-0: Foul Ball, location: 2F 0-1: Swinging Strike 0-2: Foul Ball, location: 2F 0-2: Grounds into double play, 3-6-3 (Groundball, 3, EV 88.8 MPH) Jaivata Mohanty to third
|
Batting: SHB Cesar Pelayo
|
0-0: Ball 1-0: Foul Ball, location: 2F 1-1: Ball 2-1: Ground out 5-3 (Groundball, 5L, EV 79.4 MPH)
|
Bottom of the 8th over - 0 runs, 0 hits, 0 errors, 1 left on base; West Virginia 9 - Cincinnati (NYP) 2 |
TOP OF THE 9TH |
West Virginia Black Bears batting - Pitching for Cincinnati (NYP) Reds : RHP Danny Felan
|
Pinch Hitting: RHB Tom Tate
|
0-0: Ball 1-0: Called Strike 1-1: Ball 2-1: Ball 3-1: Base on Balls
|
Pitching: LHP Brad Harris
|
|
Batting: RHB Terrence Wilson
|
0-0: Ball 1-0: Called Strike 1-1: Called Strike 1-2: Reached on error, E6 (Groundball, 6, EV 94.4 MPH) Tom Tate to second
|
Batting: SHB Curtis Thompson
|
0-0: Called Strike 0-1: Ball 1-1: Ball 2-1: Foul Ball, location: 2F 2-2: Foul Ball, location: 2F 2-2: SINGLE (Groundball, 5S, EV 64.4 MPH) (infield hit) Tom Tate to third Terrence Wilson to second
|
Batting: RHB Brian Moore
|
0-0: Grounds into double play, 6-4-3 (Groundball, 6, EV 93.1 MPH) Tom Tate scores Terrence Wilson to third
|
Batting: RHB Bob Raine
|
0-0: Called Strike 0-1: Swinging Strike 0-2: Strikes out swinging
|
Top of the 9th over - 1 run, 1 hit, 1 error, 1 left on base; West Virginia 10 - Cincinnati (NYP) 2 |
BOTTOM OF THE 9TH |
Cincinnati (NYP) Reds batting - Pitching for West Virginia Black Bears : RHP Ian Ferrara
|
Now in RF: Tom Tate
|
|
Pinch Hitting: RHB Jung-keun Bai
|
0-0: Ball 1-0: Called Strike 1-1: Swinging Strike 1-2: Foul Ball, location: 2F 1-2: Foul Ball, location: 2F 1-2: Foul Ball, location: 2F 1-2: Strikes out looking
|
Pitching: RHP Joel Olausson
|
|
Batting: RHB John Galluzzo
|
0-0: Fly out, F9 (Flyball, 9, EV 83.8 MPH)
|
Batting: LHB Jason Pirkle
|
0-0: Called Strike 0-1: Called Strike 0-2: SINGLE (Groundball, 56D, EV 104.4 MPH)
|
Pinch Hitting: LHB Matthew Berry
|
0-0: Foul Ball, location: 2F 0-1: Swinging Strike 0-2: Ball 1-2: Ball 2-2: Strikes out looking
|
Bottom of the 9th over - 0 runs, 1 hit, 0 errors, 1 left on base; West Virginia 10 - Cincinnati (NYP) 2 |
|